 Dungeon Crawl Stone Soup version 0.18.1-50-g88ac8fd (webtiles) character file.

70 wamma the Skirmisher (level 4, -2/37 HPs)
             Began as a Demonspawn Abyssal Knight on Sept 15, 2016.
             Was a Follower of Lugonu.
             Slain by Sigmund
             ... wielding a +0 scythe
              (12 damage)
             ... on level 2 of the Dungeon.
             The game lasted 00:04:44 (1468 turns).

wamma the Skirmisher (Demonspawn Abyssal Knight)    Turns: 1468, Time: 00:04:46

Health: -2/37      AC:  3    Str: 14    XL:     4   Next: 4%
Magic:  5/5        EV: 11    Int: 13    God:    Lugonu [*.....]
Gold:   161        SH:  0    Dex: 12    Spells: 0 memorised, 3 levels left

rFire  . . .     SeeInvis .     a - +1 spear
rCold  . . .     Gourm    .     b - +0 leather armour
rNeg   . . .     Faith    .     (no shield)
rPois  .         Spirit   .     (no helmet)
rElec  .         Dismiss  .     (no cloak)
rCorr  .         Reflect  .     (no gloves)
SustAt .         Harm     .     (no boots)
MR     .....                    (no amulet)
Stlth  +.........               (no ring)
                                (no ring)

@: not resistant to hostile enchantments, very unstealthy
A: powered by death 1
a: Depart the Abyss, Renounce Religion


You were on level 2 of the Dungeon.
You worshipped Lugonu.
Lugonu was aware of your devotion.
You were not hungry.

You visited 1 branch of the dungeon, and saw 2 of its levels.
You visited the Abyss 1 time.

You collected 161 gold pieces.

Inventory:

Hand Weapons
 a - a +1 spear (weapon)
Armour
 b - a +0 leather armour (worn)
Scrolls
 e - a scroll of magic mapping {unknown}
 f - a scroll of random uselessness {unknown}
 g - a scroll of teleportation {unknown}
 l - a scroll of enchant armour {unknown}
 m - a scroll of remove curse {unknown}
Potions
 c - a potion of might {unknown}
 d - a potion of flight {unknown}
 h - a potion of brilliance {unknown}
 i - a potion of haste {unknown}
 j - a potion of cancellation {unknown}
 n - a potion of lignification {unknown}
Comestibles
 k - 5 fruits


   Skills:
 + Level 3.8 Fighting
 + Level 2.2 Polearms
 + Level 2.2 Armour
 + Level 1.6 Dodging
 + Level 0.6 Stealth
 + Level 2.5 Invocations


You had 3 spell levels left.
You didn't know any spells.

Dungeon Overview and Level Annotations

Branches:
Dungeon (2/15)

Altars:
Ashenzari

Annotations:
D:2 Sigmund


Innate Abilities, Weirdness & Mutations

You regenerate a little health from kills.


Message History

There is an open door here.
You feel sick.
Found 12 gold pieces.
You feel sick.
You now have 161 gold pieces (gained 12).
Sigmund the Dreaded comes into view.
He is wielding a scythe.
You feel sick.
You are no longer poisoned.
Sigmund shouts!
Sigmund barely misses you.
You hit Sigmund.
Sigmund is lightly wounded.
You hit Sigmund but do no damage.
Sigmund is lightly wounded.
Sigmund hits you with a scythe.
* * * LOW HITPOINT WARNING * * *
You hit Sigmund.
Sigmund is lightly wounded.
Sigmund hits you with a scythe!
You die...

##.###...##.#.#
#.# #...##.#.#
.# #.#
#...##.#.###.#
#.#
#...##.#.#...#
#.#
######.#.....+
#.#
#####'#.#...#
#.#
#...........#
#.#
#........####
#@#
#........####
#@#
#......>.....
#.#
#....(...####
#.# ##########
#.# #.# #.# #.#


You could see Sigmund.

Vanquished Creatures
  Jessica (D:2)
  An adder (D:2)
  A dart slug (D:1)
  2 giant geckos (D:1)
  An orc (D:2)
  5 giant cockroaches
  3 goblins
  4 hobgoblins
  4 jackals (D:1)
  4 bats
  2 rats
  3 fungi (D:1)
31 creatures vanquished.

Notes
Turn   | Place    | Note
--------------------------------------------------------------
     0 | Abyss:1  | wamma the Demonspawn Abyssal Knight began the quest for the Orb.
     0 | Abyss:1  | Reached XP level 1. HP: 18/18 MP: 2/2
     1 | D:1      | Escaped the Abyss
   254 | D:1      | Found a shattered altar of Ashenzari.
   375 | D:1      | Reached skill level 1 in Dodging
   375 | D:1      | Gained mutation: You regenerate a little health from kills. [demonic ancestry]
   375 | D:1      | Reached XP level 2. HP: 22/24 MP: 3/3
   379 | D:1      | Reached * piety under Lugonu
  1192 | D:2      | Noticed Jessica
  1227 | D:2      | Killed Jessica
  1227 | D:2      | Reached XP level 3. HP: 19/30 MP: 4/4
  1436 | D:2      | Reached XP level 4. HP: 12/37 MP: 5/5
  1462 | D:2      | Noticed Sigmund
  1468 | D:2      | Slain by Sigmund

Skill      XL: |  1  2 |
---------------+-------+-----
Armour         | 2 |  2.2
Dodging        | 1 |  1.6
Polearms       | 2 |  2.2
Fighting       | |  3.8
Stealth        | |  0.6
Invocations    | |  2.5

Action                   |  1- 3 |  4- 6 || total
-------------------------+-------+-------++-------
Melee: Spear             |   164 |     3 ||   167
Invok: Depart the Abyss  |     1 |       ||     1
  Eat: Bread ration      |     1 |       ||     1
Armor: Leather armour    |    22 |       ||    22
Dodge: Dodged            |    85 |     1 ||    86
